 Dungeon Crawl Stone Soup version 0.23.1 (webtiles) character file.

Game seed: 0

17306 literoy the Fighter (level 12, 0/113 HPs)
             Began as a Minotaur Berserker on Feb 27, 2019.
             Was the Champion of Trog.
             Succumbed to barbed spike wounds
             ... on level 12 of the Dungeon on Mar 3, 2019.
             The game lasted 00:55:13 (11537 turns).

literoy the Fighter (Minotaur Berserker)           Turns: 11537, Time: 00:55:13

Health: 0/113      AC: 21    Str: 31    XL:     12   Next: 17%
Magic:  11/11      EV: 13    Int:  4    God:    Trog [******]
Gold:   766        SH:  0    Dex: 10    Spells: 11/11 levels left

rFire    + . .     SeeInvis .   G - +0 dire flail (chaos)
rCold    x . .     Gourm    .   (shield currently unavailable)
rNeg     . . .     Faith    .   I - +0 plate armour
rPois    .         Spirit   .   (helmet restricted)
rElec    .         Reflect  .   e - +1 cloak
rCorr    .         Harm     .   (no gloves)
MR       .....                  p - +0 pair of boots
Stlth    ..........             C - amulet of magic regeneration
HPRegen  0.28/turn              o - +2 ring of protection
MPRegen  0.37/turn              P - ring "Nawnet" {Fire Str+4}

@: barbed spikes
A: retaliatory headbutt, horns 2
a: Berserk, Trog's Hand, Brothers in Arms, Renounce Religion


You were on level 12 of the Dungeon.
You worshipped Trog.
Trog was exalted by your worship.
You were not hungry.

You visited 1 branch of the dungeon, and saw 12 of its levels.

You collected 766 gold pieces.

Inventory:

Hand Weapons
 a - a +0 mace
 u - a +0 flail
 x - a +1 fustibalus of freezing
 G - a +0 dire flail of chaos (weapon)
 J - a +3 scimitar
 M - a +1 flail of protection
Missiles
 R - 2 poisoned tomahawks (quivered)
Armour
 b - a +0 animal skin
 e - a +1 cloak (worn)
 n - a -2 ring mail
 p - a +0 pair of boots (worn)
 A - a +0 ring mail
 I - a +0 plate armour (worn)
Jewellery
 f - an uncursed ring of see invisible
 o - a +2 ring of protection (left hand)
 s - an uncursed ring of positive energy
 C - an amulet of magic regeneration (around neck)
 N - an uncursed ring of teleportation
 P - the ring "Nawnet" (right hand) {Fire Str+4}
   (You found it on level 10 of the Dungeon)

   [ring of fire]

   It enhances your fire magic.
   It affects your strength (+4).
   It protects you from fire.
   It makes you vulnerable to cold.
 T - a +1 ring of evasion
Wands
 B - a wand of polymorph (5)
 E - a wand of random effects (33)
 L - a wand of flame (28)
Scrolls
 g - 2 scrolls of random uselessness {unknown}
 h - 10 scrolls of identify
 i - 5 scrolls of teleportation
 m - 4 scrolls of magic mapping
 q - 5 scrolls of amnesia
 t - a scroll of immolation
 w - 2 scrolls of remove curse
 y - a scroll of fear {unknown}
 H - a scroll of fog {unknown}
 O - a scroll of vulnerability {unknown}
 Q - a scroll of enchant armour {unknown}
Potions
 d - 4 potions of might
 j - 2 potions of brilliance
 k - 3 potions of mutation
 l - 4 potions of magic
 r - a potion of curing
 v - a potion of ambrosia {unknown}
 z - a potion of cancellation {unknown}
 D - 3 potions of haste
 F - 2 potions of agility {unknown}
 K - 2 potions of flight {unknown}
Comestibles
 c - 12 rations
 S - 5 chunks of flesh


   Skills:
 + Level 12.3 Fighting
 + Level 12.3 Maces & Flails
 + Level 12.0 Armour
 + Level 11.2 Dodging


You had 11 spell levels left.
You didn't know any spells.
Your spell library contained the following spells:

 Spells                   Type           Power        Failure   Level  Hunger
 Animate Skeleton         Necr           N/A          98%         1    ##.....
 Apportation              Tloc           #.....       98%         1    ##.....
 Confusing Touch          Hex            #.....       98%         1    ##.....
 Summon Small Mammal      Summ           #...         98%         1    ##.....
 Call Imp                 Summ           #.......     99%         2    ###....
 Call Canine Familiar     Summ           #.......     100%        3    ####...
 Summon Guardian Golem    Hex/Summ       #.......     100%        3    ####...
 Summon Ice Beast         Ice/Summ       #.......     100%        4    #####..
 Summon Lightning Spire   Summ/Air       #.......     100%        4    #####..


Dungeon Overview and Level Annotations

Branches:
Dungeon (12/15)            Temple (0/1) D:5            Lair (0/6) D:9
    Orc (0/2) D:9

Altars:
Cheibriados
Dithmenos
Fedhas
Gozag
Okawaru
Qazlal
Ru
Sif Muna
Uskayaw
Vehumet
Wu Jian
Xom
Zin
The Shining One

Shops:
D:8 }

Annotations:
D:7 2 transporters


Innate Abilities, Weirdness & Mutations

You reflexively headbutt those who attack you in melee.
You have a pair of horns on your head.


Message History

The titanic slime creature closely misses you.
The manticore flicks its tail.
The volley of spikes hits you.
The barbed spikes become lodged in your body.
* * * LOW HITPOINT WARNING * * *
The barbs in your skin will harm you if you move.
Continue? [Y]es or [N]o only, please.
The barbs in your skin will harm you if you move.
Continue?
The barbed spikes dig painfully into your body as you move.
* * * LOW HITPOINT WARNING * * *
A cyan ugly thing comes into view.
The cyan ugly thing gurgles horribly!
The titanic slime creature closely misses you.
The barbed spikes dig painfully into your body as you move.
* * * LOW HITPOINT WARNING * * *
The manticore flicks its tail.
The volley of spikes misses you.
Found a scroll of remove curse.
The barbed spikes dig painfully into your body as you move.
You die...

##. ? ... #. #.
#.# #.. #.# #.#
.... #..#
##.###....
.##..####.........
..................
.....H.@..<)......
...###..)).)u.....
#[....J#.#####...
#####....# .
#.#..# ###..# ####


You could see a cyan ugly thing, a titanic slime creature and a manticore.

Vanquished Creatures
  A hydra (D:12)
  A centaur warrior (D:11)
  A death knight (D:11)
  A two-headed ogre (D:8)
  3 orc sorcerers (D:10)
  A centaur zombie (D:11)
  2 kobold demonologists (D:11)
  3 freezing wraiths (D:11)
  4 trolls
  A queen bee (D:8)
  A meliai zombie (D:11)
  A slime creature (D:12)
  4 hippogriffs
  A shadow (D:6)
  2 wraiths
  14 yaks
  Sigmund (D:4)
  4 porcupines (D:9)
  4 sky beasts
  An ice beast (D:5)
  An eye of draining (D:9)
  5 orc warriors
  A black bear (D:6)
  A swamp drake (D:9)
  A phantom (D:8)
  5 ogres
  A necrophage (D:10)
  3 centaurs
  6 bullfrogs
  2 big kobolds
  A wyvern skeleton (D:8)
  4 scorpions
  28 killer bees
  4 wights (D:8)
  3 howler monkeys
  6 hounds
  7 crimson imps
  A quasit (D:11)
  2 bullfrog zombies (D:7)
  3 centaur skeletons
  4 orc priests
  4 bullfrog skeletons
  4 jellies
  9 orc wizards
  5 iguanas
  9 worker ants
  A hound zombie (D:6)
  A worker ant zombie (D:10)
  Robin (D:2)
  2 gnolls (D:8)
  12 adders
  3 oozes
  2 adder skeletons
  8 worms
  8 leopard geckos
  41 orcs
  3 giant cockroaches
  20 goblins
  7 hobgoblins
  18 jackals
  17 kobolds
  5 quokkas
  4 ball pythons
  9 bats
  6 frilled lizards
  A jackal skeleton (D:5)
  A quokka zombie (D:3)
  5 rats
346 creatures vanquished.

Vanquished Creatures (others)
  An ogre (D:9)
  An orc wizard (D:9)
  An orc (D:9)
  2 fungi (D:9)
  A plant (D:2)
6 creatures vanquished.

Grand Total: 352 creatures vanquished

Notes
Turn   | Place    | Note
-------+----------+-------------------------------------------
     0 | D:1      | literoy the Minotaur Berserker began the quest for the Orb.
     0 | D:1      | Reached XP level 1. HP: 19/19 MP: 0/0
   182 | D:1      | Reached XP level 2. HP: 21/27 MP: 1/1
   651 | D:1      | Reached ** piety under Trog
   821 | D:2      | Noticed Robin
   823 | D:2      | Reached XP level 3. HP: 33/33 MP: 2/2
   829 | D:2      | Killed Robin
  1106 | D:2      | Reached XP level 4. HP: 40/41 MP: 3/3
  1235 | D:2      | Found a sacrificial altar of Ru.
  1235 | D:2      | Found an ornate altar of the Wu Jian Council.
  1433 | D:2      | Found a shimmering altar of Xom.
  2191 | D:3      | Reached *** piety under Trog
  2531 | D:4      | Reached XP level 5. HP: 45/47 MP: 4/4
  2616 | D:4      | Reached skill level 5 in Fighting
  2616 | D:4      | Reached skill level 5 in Maces & Flails
  2695 | D:4      | Reached XP level 6. HP: 49/56 MP: 5/5
  2918 | D:4      | Noticed Sigmund
  2978 | D:4      | Killed Sigmund
  2978 | D:4      | Reached skill level 5 in Armour
  2978 | D:4      | Reached XP level 7. HP: 42/62 MP: 6/6
  3076 | D:4      | Upgraded the game from 0.23.0-41-g86b089e62c to 0.23.1
  3426 | D:5      | Entered Level 5 of the Dungeon
  3451 | D:5      | Reached **** piety under Trog
  3470 | D:5      | Found a staircase to the Ecumenical Temple.
  3631 | D:5      | Reached skill level 5 in Dodging
  3909 | D:6      | Reached XP level 8. HP: 71/71 MP: 7/7
  4680 | D:6      | Found a glowing silver altar of Zin.
  4947 | D:7      | Reached XP level 9. HP: 81/81 MP: 8/8
  4974 | D:7      | Found a transporter.
  4985 | D:7      | Noticed a rakshasa
  4986 | D:7      | Found a transporter.
  4994 | D:7      | Found a radiant altar of Vehumet.
  5359 | D:7      | Found an opulent altar of Gozag.
  5373 | D:7      | Found a deep blue altar of Sif Muna.
  5378 | D:7      | Found a stormy altar of Qazlal.
  5378 | D:7      | Found a hide-covered altar of Uskayaw.
  5379 | D:7      | Found a shadowy altar of Dithmenos.
  5386 | D:7      | Found a blossoming altar of Fedhas.
  5458 | D:7      | Reached ***** piety under Trog
  6326 | D:8      | Noticed a two-headed ogre
  6338 | D:8      | Killed a two-headed ogre
  6395 | D:8      | Reached XP level 10. HP: 77/91 MP: 9/9
  7052 | D:8      | Found an iron altar of Okawaru.
  7116 | D:8      | Found Huvo's Gadget Shop.
  7266 | D:8      | Found a glowing golden altar of the Shining One.
  7360 | D:9      | Found a snail-covered altar of Cheibriados.
  7517 | D:9      | Reached skill level 10 in Fighting
  7517 | D:9      | Reached skill level 10 in Maces & Flails
  7557 | D:9      | Received a gift from Trog
  8150 | D:9      | Reached skill level 10 in Armour
  8466 | D:9      | Found a staircase to the Orcish Mines.
  8994 | D:9      | Found a staircase to the Lair.
  9083 | D:10     | Entered Level 10 of the Dungeon
  9086 | D:10     | Noticed an orc sorcerer
  9104 | D:10     | Killed an orc sorcerer
  9110 | D:10     | Noticed an orc sorcerer
  9111 | D:10     | Noticed an orc sorcerer
  9116 | D:10     | Noticed an orange demon
  9116 | D:10     | Killed an orc sorcerer
  9116 | D:10     | Reached XP level 11. HP: 101/101 MP: 10/10
  9121 | D:10     | Killed an orc sorcerer
  9153 | D:10     | Got a twitching marble ring
  9553 | D:10     | Reached skill level 10 in Dodging
 10401 | D:11     | Noticed a centaur warrior
 10411 | D:11     | Killed a centaur warrior
 10435 | D:11     | Noticed a death knight
 10458 | D:11     | Killed a death knight
 10752 | D:11     | Identified the ring "Nawnet" {Fire Str+4} (You found it on
                  | level 10 of the Dungeon)
 11294 | D:11     | Reached ****** piety under Trog
 11294 | D:11     | Received a gift from Trog
 11318 | D:11     | Reached XP level 12. HP: 99/112 MP: 11/11
 11516 | D:12     | Noticed a five-headed hydra
 11531 | D:12     | Killed a five-headed hydra
 11537 | D:12     | Succumbed to barbed spike wounds

Skill      XL: |  1  2  3  4  5  6  7  8  9 10 11 12 |
---------------+-------------------------------------+-----
Maces & Flails | 4 5 6 8 9 10 12 | 12.3
Fighting       | 4 5 6 7 9 10 12 | 12.3
Armour         | 3 4 5 7 8 10 11 12 | 12.0
Dodging        | 3 4 5 6 8 9 10 11 | 11.2

Action                   |  1- 3 |  4- 6 |  7- 9 | 10-12 || total
-------------------------+-------+-------+-------+-------++-------
Melee: Mace              |    57 |    82 |       |       ||   139
       Headbutt          |    14 |    23 |    43 |   102 ||   182
       Flail             |       |    81 |   193 |       ||   274
       Dire flail        |       |       |    62 |   523 ||   585
Invok: Berserk           |     1 |       |     2 |     1 ||     4
  Use: Scroll            |       |     2 |     8 |     4 ||    14
       Potion            |       |       |     1 |     5 ||     6
  Eat: Chunk             |     2 |     6 |    13 |     7 ||    28
       Ration            |       |       |       |     3 ||     3
Armor: Animal skin       |    17 |     1 |       |       ||    18
       Ring mail         |       |    77 |    84 |       ||   161
       Plate armour      |       |       |    56 |   339 ||   395
Dodge: Dodged            |    41 |   110 |   185 |   337 ||   673
